 Dungeon Crawl Stone Soup version 0.27.0-1-g7a089689b8 (webtiles) character file.

Game seed: 15763390597454169615

2420 ZARRMARR the Grappler (level 9, -1/79 (85) HPs)
             Began as a Troll Warper on Aug 5, 2021.
             Was a Priest of Ashenzari.
             Slain by a wight (15 damage)
             ... on level 7 of the Dungeon.
             The game lasted 00:39:31 (5911 turns).

ZARRMARR the Grappler (Troll Warper)                Turns: 5911, Time: 00:39:31

HP:   -1/79 (85)    AC:  4    Str: 21    XL:     9   Next: 24%
MP:   11/11         EV: 10    Int: 12    God:    Ashenzari [***...]
Gold: 318           SH:  0    Dex:  9    Spells: 10/12 levels left

rFire    . . .     SeeInvis +     - Unarmed
rCold    . . .     Faith    .   (no shield)
rNeg     . . .     Spirit   .   a - +0 robe of Ashenzari's Visionary {Comp, Alch} (curse)
rPois    .         Reflect  .   (helmet restricted)
rElec    .         Harm     .   (no cloak)
rCorr    .         Rampage  .   (gloves unavailable)
Will     .....     Clarity  +   (boots unavailable)
Stlth    +.........             i - amulet of Ashenzari's Suspicion {RegenMP, Self, Bglg} (curse)
HPRegen  1.23/turn              e - ring of Star-Bound Wisdom {Ice, Elem, Alch} (curse)
MPRegen  0.37/turn              p - ring "Circumscribed Altruism" {Fire, Evo, Bglg} (curse)

@: lethally poisoned (-1 -> -1), drained
A: large, unfitting armour, claws 3, regeneration 1, shaggy fur 1, tough skin 1
a: Renounce Religion, Curse Item, Shatter the Chains


You were on level 7 of the Dungeon.
You worshipped Ashenzari.
Ashenzari was most pleased with you.
You visited 1 branch of the dungeon, and saw 7 of its levels.
You also visited: Ossuary.

You collected 318 gold pieces.

Inventory:

Hand Weapons
 b - a +0 giant spiked club
Missiles
 c - 5 boomerangs of dispersal
 d - 226 stones
 l - 8 curare-tipped darts
 n - 16 poisoned darts
 q - 3 large rocks
 s - 4 boomerangs (quivered)
Armour
 a - the cursed +0 robe of Ashenzari's Visionary (worn) {Comp, Alch}

   It has a curse which improves the following skills: Companions: Summonings
   and Necromancy.
   Alchemy:   Poison Magic and Transmutations.
 v - +0 steam dragon scales
Jewellery
 e - the cursed ring of Star-Bound Wisdom (left claw) {Ice, Elem, Alch}
   (You found it on level 4 of the Dungeon)

   [ring of ice]

   It enhances your ice magic.
   rF:        It makes you vulnerable to fire.
   rC:        It protects you from cold.
   It has a curse which improves the following skills: Elements: Fire Magic, Ice
   Magic, Air Magic and Earth Magic.
   Alchemy:   Poison Magic and Transmutations.
 i - the cursed amulet of Ashenzari's Suspicion (around neck) {RegenMP, Self, Bglg}
   (You found it on level 1 of the Dungeon)

   [amulet of magic regeneration]

   It increases your rate of magic regeneration.
   It has a curse which improves the following skills: Introspection: Fighting
   and Spellcasting.
   Beguiling: Conjurations, Hexes and Translocations.
 p - the cursed ring "Circumscribed Altruism" (right claw) {Fire, Evo, Bglg}
   (You found it on level 4 of the Dungeon)

   [ring of fire]

   It enhances your fire magic.
   rF:        It protects you from fire.
   rC:        It makes you vulnerable to cold.
   It has a curse which improves the following skills: Evocations: Evocations.
   Beguiling: Conjurations, Hexes and Translocations.
Scrolls
 g - a scroll of amnesia
 m - 2 scrolls of enchant armour
 o - a scroll of teleportation
 r - 2 scrolls of enchant weapon
 t - a scroll of acquirement
 w - a scroll of fog
 y - a scroll of noise
Potions
 f - 2 potions of cancellation
 h - a potion of lignification
 j - 5 potions of heal wounds
 k - a potion of curing
 u - 2 potions of brilliance
 x - 2 potions of berserk rage
 z - a potion of attraction


   Skills:
 + Level 2.7(4.3) Fighting
 + Level 4.7 Throwing
 + Level 4.0 Dodging
 + Level 1.0 Stealth
 + Level 8.0 Unarmed Combat
 + Level 1.2(2.4) Spellcasting
 * Level 5.0(7.9) Translocations


You had 10 spell levels left.
You knew the following spells:

 Your Spells              Type           Power      Damage    Failure   Level
a - Blink                 Tloc           N/A        N/A       1%          2

Your spell library contained the following spells:

 Spells                   Type           Power      Damage    Failure   Level
 Gell's Gravitas          Tloc           10%        N/A       3%          3
 Lesser Beckoning         Tloc           10%        N/A       3%          3
 Teleport Other           Tloc           20%        N/A       3%          3
 Magic Dart               Conj           8%         1d3       22%         1
 Shock                    Conj/Air       8%         1d3       22%         1
 Manifold Assault         Tloc           20%        N/A       28%         5
 Searing Ray              Conj           4%         3d3       32%         2
 Dispersal                Tloc           10%        N/A       83%         6
 Fulminant Prism          Conj/Hex       1%         3d6       91%         4
 Airstrike                Air            1%         N/A       93%         4
 Conjure Ball Lightning   Conj/Air       1%         3x3d6     100%        6
 Chain Lightning          Conj/Air       1%         3d1       100%        9


Dungeon Overview and Level Annotations

Branches:
Dungeon (7/15)             Temple (0/1) D:6         Ossuary (visited)

Altars:
Ashenzari
Cheibriados
Dithmenos
Hepliaklqana
Nemelex Xobeh
Qazlal
Ru
Yredelemnul

Annotations:
D:6 3 runed translucent doors, Smaepdii's ghost, novice DDEE
D:7 Duvessa


Innate Abilities, Weirdness & Mutations

You are too large for most types of armour.
You have claws for hands.
Your natural rate of healing is unusually fast.
You are covered in fur. (AC +1)
You have tough skin. (AC +1)


Message History

You feel very sick.
You feel sick.
Cornered, the hornet turns to fight!
You feel yourself speed up.
You feel sick.
You feel sick.
You feel sick.
Casting: Blink (safe; 1% risk of failure)
Confirm with . or Enter, or press ? or * to list all spells.
You blink.
You feel sick.
You feel sick.
You are no longer poisoned.
A wight comes into view. It is wielding a +3 spear.
Found a +0 dagger.
The hornet closely misses you. The hornet barely misses you.
Found a stone staircase leading up.
As you read the scroll of fog, it crumbles to dust.
The scroll dissolves into smoke.
The hornet stings you.
You are poisoned.
You feel yourself slow down.
The hornet stings you but does no damage.
You feel yourself speed up.
You feel very sick. The hornet stings you!
* * * LOW HITPOINT WARNING * * *
You feel yourself slow down.
You feel yourself speed up.
You feel very sick. The hornet barely misses you. The wight closely misses you.
Found 17 gold pieces.
You feel sick. The hornet closely misses you.
You feel sick.
Found a +2 morningstar of venom.
You feel sick.
You feel sick.
The hornet stings you but does no damage.
There is a stone staircase leading up here.
You feel sick. The hornet closely misses you.
The wight hits you from afar with a +3 halberd of freezing!
You die...

#, * #§##.##.##.##
#.####§§§§...##...
#.#..§§§{§########
##.#.##§####
#.....g§# * #
#....g..#* , #
#.##z##.## ,, #
#..y.....#,,, #.#
#.@#.##..#, * #.
#..#..#..#, * #.#
#........# .##
##.##.##$# , # #..
.. ,#* *# ### )##
.. * * , ,,, ** ,


You could see a hornet, a wight and 2 gnolls.

Vanquished Creatures
  A steam dragon (D:6)
  Menkaure (D:5)
  A necrophage (D:6)
  An orc warrior (D:6)
  2 ogres
  A phantom (D:5)
  4 elf zombies (Ossuary)
  A bullfrog (D:4)
  A water moccasin zombie (D:6)
  3 scorpions (D:5)
  A water moccasin skeleton (D:4)
  A wight (D:6)
  4 centaur zombies
  5 human zombies (Ossuary)
  3 hounds
  A jelly (D:6)
  2 centaur skeletons
  An orc priest (D:6)
  A bullfrog skeleton (D:6)
  2 iguanas
  4 orc wizards
  3 killer bee zombies
  2 hound zombies (D:5)
  3 mummies (Ossuary)
  9 adders
  A gnoll (D:5)
  8 river rats (D:5)
  An ufetubus (D:4)
  4 worms
  A dart slug (D:2)
  17 orcs
  8 ball pythons
  6 endoplasms
  4 giant cockroaches
  5 goblins
  3 hobgoblins
  7 jackals
  12 quokkas
  4 bats
  A frilled lizard (D:1)
  5 kobolds
  17 rats
162 creatures vanquished.

Notes
Turn   | Place    | Note
-------+----------+-------------------------------------------
     0 | D:1      | ZARRMARR the Troll Warper began the quest for the Orb.
     0 | D:1      | Reached XP level 1. HP: 19/19 MP: 1/1
   173 | D:1      | Reached XP level 2. HP: 28/28 MP: 2/2
   176 | D:1      | Learned a level 2 spell: Blink
   301 | D:1      | Reached skill level 1 in Throwing
   956 | D:2      | Found a faded altar of an unknown god.
   983 | D:2      | Reached XP level 3. HP: 30/35 MP: 3/3
  1809 | D:3      | Found a broken altar of Ashenzari.
  1810 | D:3      | Found a snail-covered altar of Cheibriados.
  1815 | D:3      | Found a sacrificial altar of Ru.
  1817 | D:3      | Found a hazy altar of Hepliaklqana.
  1817 | D:3      | Found a stormy altar of Qazlal.
  1817 | D:3      | Found a sparkling altar of Nemelex Xobeh.
  1817 | D:3      | Found a shadowy altar of Dithmenos.
  1818 | D:3      | Found a basalt altar of Yredelemnul.
  1823 | D:3      | Became a worshipper of Ru the Awakened
  1827 | D:3      | Fell from the grace of Ru
  1827 | D:3      | Became a worshipper of Ashenzari the Shackled
  1905 | D:3      | Reached XP level 4. HP: 32/42 MP: 4/4
  1926 | D:3      | Reached skill level 3 in Unarmed Combat
  2054 | D:3      | Reached XP level 5. HP: 32/49 MP: 5/5
  2987 | D:4      | Reached * piety under Ashenzari
  3161 | D:4      | Reached skill level 4 in Unarmed Combat
  3161 | D:4      | Reached XP level 6. HP: 56/59 MP: 7/7
  3337 | D:5      | Entered Level 5 of the Dungeon
  3420 | D:5      | Identified a scroll of acquirement
  3585 | D:5      | Reached XP level 7. HP: 58/67 MP: 8/8
  3745 | D:5      | Reached skill level 5 in Unarmed Combat
  3828 | D:5      | Noticed Menkaure
  3833 | D:5      | Killed Menkaure
  4211 | D:5      | Reached XP level 8. HP: 73/75 MP: 9/9
  4531 | D:6      | Reached skill level 6 in Unarmed Combat
  4543 | D:6      | Found a sand-covered staircase.
  4552 | Ossuary  | Entered an ossuary
  4564 | Ossuary  | Reached ** piety under Ashenzari
  4605 | Ossuary  | Reached skill level 1 in Stealth
  4696 | Ossuary  | Reached skill level 7 in Unarmed Combat
  4802 | D:6      | Found a runed translucent gate.
  4802 | D:6      | Found a runed translucent gate.
  4802 | D:6      | Noticed Smaepdii's ghost (novice DDEE)
  4803 | D:6      | Found a runed translucent gate.
  4803 | D:6      | Noticed a cyclops
  4870 | D:6      | Reached *** piety under Ashenzari
  4956 | D:6      | Found a staircase to the Ecumenical Temple.
  5122 | D:6      | Reached XP level 9. HP: 66/85 MP: 11/11
  5274 | D:6      | Reached skill level 8 in Unarmed Combat
  5721 | D:6      | Reached skill level 5 in Translocations
  5811 | D:7      | Identified the Grimoire of Flight
  5872 | D:7      | Paralysed by a hornet for 2 turns
  5875 | D:7      | Noticed Duvessa
  5911 | D:7      | Slain by a wight

Illustrated notes

Levels and vault maps discovered:
D:1:      dpeg_arrival_lava_temple_mockup, layout_loops_ring, minmay_liquid_box
D:2:      layout_basic, hellmonk_ecumenical_altar_crossroads
D:3:      layout_basic, grunt_temple_overflow_open
D:4:      layout_gridville
D:5:      lemuel_ratsnest, layout_cave_pools, uniq_menkaure
D:6:      layout_gridville, temple_fountains, gammafunk_ghost_split,
          enter_ossuary_1, hangedman_decor_opposing,
          chequers_serial_rivers_micro_c
D:7:      layout_loops_cross, uniq_duvessa, uniq_joseph

Skill      XL: |  1  2  3  4  5  6  7  8  9 |
---------------+----------------------------+-----
Dodging        | 2 3 4 |  4.0
Throwing       | 1 2 3 4 |  4.7
Fighting       | 2 |  2.7
Unarmed Combat | 3 4 5 7 8 |  8.0
Translocations | 3 4 5 |  5.0
Stealth        | 1 |  1.0
Spellcasting   | |  1.2

Action                   |  1- 3 |  4- 6 |  7- 9 || total
-------------------------+-------+-------+-------++-------
Melee: Unarmed           |   116 |   146 |   321 ||   583
       Punch             |       |     3 |    10 ||    13
Throw: Stone             |    71 |    99 |    50 ||   220
       Boomerang         |       |       |    57 ||    57
 Cast: Blink             |       |       |     8 ||     8
Invok: Curse Item        |       |     2 |     2 ||     4
  Use: Scroll            |     4 |     1 |     2 ||     7
 Stab: Sleeping          |       |       |     1 ||     1
Armor: Robe              |    39 |    27 |    59 ||   125
Dodge: Dodged            |    44 |    57 |   129 ||   230
